 Dungeon Crawl Stone Soup version 0.30.0-29-ga12c61a403 (webtiles) character file.

Game seed: 14350436815962116511

1269 PoweredByGinger the Cleaver (level 8, -3/59 (71) HPs)
             Began as a Minotaur Gladiator on June 8, 2023.
             Was a Follower of Makhleb.
             Slain by a wight
             ... wielding a +2 great sword
              (13 damage)
             ... on level 6 of the Dungeon on June 9, 2023.
             The game lasted 00:05:41 (4866 turns).

PoweredByGinger the Cleaver (Minotaur Gladiator)    Turns: 4866, Time: 00:05:42

HP:   -3/59 (71)    AC:  4    Str: 20    XL:     8   Next: 28%
MP:   7/7           EV: 12    Int:  5    God:    Makhleb [*.....]
Gold: 286           SH:  0    Dex: 13    Spells: 7/7 levels left

rFire   . . .        a - +0 war axe
rCold   . . .        (no shield)
rNeg    . . .        b - +0 leather armour
rPois   .            c - +0 hat
rElec   .            (no cloak)
rCorr   .            q - +0 pair of gloves
SInv    .            (no boots)
Will    .....        (no amulet)
Stlth   +            (no ring)
HPRegen 0.29/turn    (no ring)
MPRegen 0.10/turn

%: no passive effects
@: heavily drained
A: horns 2, retaliatory headbutt
a: Renounce Religion


You were on level 6 of the Dungeon.
You worshipped Makhleb.
Makhleb was aware of your devotion.
You visited 2 branches of the dungeon, and saw 7 of its levels.

You collected 286 gold pieces.

Inventory:

Hand Weapons
 a - a +0 war axe (weapon)
Missiles
 d - 3 throwing nets (quivered)
 e - 4 javelins
Armour
 b - a +0 leather armour (worn)
 c - a +0 hat (worn)
 q - a +0 pair of gloves (worn)
Jewellery
 p - a ring of willpower
 u - an amulet of magic regeneration
Wands
 E - a wand of paralysis (4)
Scrolls
 f - 2 scrolls of magic mapping {unknown}
 h - 2 scrolls of blinking {unknown}
 k - a scroll of immolation {unknown}
 m - 4 scrolls of identify {unknown}
 n - a scroll of fog {unknown}
 o - a scroll of amnesia {unknown}
 r - 2 scrolls of fear {unknown}
 s - a scroll of enchant weapon {unknown}
 t - a scroll of silence {unknown}
 x - a scroll of enchant armour {unknown}
 y - a scroll of poison {unknown}
 A - a scroll of torment {unknown}
 B - a scroll of teleportation {unknown}
 C - a scroll of vulnerability {unknown}
Potions
 g - 3 potions of magic {unknown}
 i - 2 potions of curing
 j - a potion of brilliance {unknown}
 l - a potion of resistance {unknown}
 v - 2 potions of flight {unknown}
 w - 2 potions of invisibility {unknown}
 z - 2 potions of lignification {unknown}
 D - a potion of heal wounds


   Skills:
 * Level 6.7 Fighting
 + Level 10.8 Axes
 - Level 2.0 Throwing
 - Level 3.2 Dodging


You had 7 spell levels left.
You didn't know any spells.
Your spell library contained the following spells:

 Spells                   Type           Power      Damage    Failure   Level
 Apportation              Tloc           0%         N/A       54%         1
 Kiss of Death            Conj/Necr      0%         2d5       54%         1
 Blink                    Tloc           0%         N/A       67%         2
 Lesser Beckoning         Tloc           0%         N/A       67%         2
 Momentum Strike          Conj/Tloc      0%         3d8       67%         2
 Confusing Touch          Hex            0%         N/A       88%         3
 Inner Flame              Hex/Fire       0%         N/A       88%         3
 Volatile Blastmotes      Fire/Tloc      0%         2d10      88%         3
 Dispel Undead            Necr           0%         3d6       99%         4
 Flame Wave               Conj/Fire      0%         2d4       99%         4
 Fulminant Prism          Conj/Hex       0%         3d5       99%         4
 Iskenderun's Mystic Bla  Conj/Tloc      0%         2d3       99%         4
 Leda's Liquefaction      Hex/Erth       0%         N/A       99%         4
 Sticky Flame             Conj/Fire      0%         2d3       99%         4
 Alistair's Intoxication  Tmut/Pois      0%         N/A       100%        5
 Lee's Rapid Deconstruct  Erth           0%         3d4*      100%        5
 Statue Form              Tmut/Erth      0%         N/A       100%        6


Dungeon Overview and Level Annotations

Branches:
Dungeon (6/15)             Temple (1/1) D:4

Altars:
Cheibriados
Dithmenos
Elyvilon
Fedhas
Gozag
Hepliaklqana
Kikubaaqudgha
Makhleb
Nemelex Xobeh
Qazlal
Ru
Sif Muna
Trog
Uskayaw
Vehumet
Wu Jian
Xom
Yredelemnul
The Shining One

Shops:
D:4 [


Innate Abilities, Weirdness & Mutations

You have a pair of horns on your head.
You reflexively headbutt those who attack you in melee.


Message History

The wight closely misses you.
The wight hits you with a +2 great sword!
You feel drained. The wight hits you with a +0 falchion!
There is a stone staircase leading up, spattered with blood here.
You closely miss the wight. You headbutt the wight.
The wight is moderately damaged.
You hit the wight but do no damage.
The wight hits you with a +2 great sword.
* * * LOW HITPOINT WARNING * * *
You feel drained. The wight hits you with a +0 falchion.
* * * LOW HITPOINT WARNING * * *
You feel drained.
* * * LOW HITPOINT WARNING * * *
Unknown command.
Unknown command.
Unknown command.
You slash the wight!
The wight is severely damaged.
You barely miss the wight.
Unknown command.
Unknown command.
You barely miss the wight.
You headbutt the wight, but do no damage.
The wight is severely damaged.
You closely miss the wight. The wight completely misses you.
The wight hits you but does no damage.
Unknown command.
Unknown command.
Unknown command.
You closely miss the wight.
The wight is severely damaged.
You closely miss the wight. The wight misses you. The wight barely misses you.
Unknown command.
Unknown command.
Unknown command.
You closely miss the wight. Your headbutt misses the wight.
The wight is severely damaged.
You barely miss the wight.
The wight hits you with a +2 great sword!
You die...

...# ##.......
.$..
##........
#..##.........
#.>.#.........
#.........>..
#............
#............
#............
#..@.........
#..zz........
#........)..#
#.........###
#.......#.#
.........$..
#............
###.........


You could see 2 wights.

Vanquished Creatures
  Eustachio (D:5)
  A black bear (D:3)
  An ogre (D:5)
  A bullfrog (D:5)
  4 scorpions
  2 wights (D:5)
  A howler monkey (D:4)
  5 hounds
  An orc priest (D:3)
  An iguana (D:5)
  A jelly (D:5)
  Ijyb (D:5)
  2 orc wizards
  4 gnolls
  10 adders
  An ufetubus (D:5)
  2 dart slugs (D:2)
  10 orcs
  9 endoplasms
  3 giant cockroaches
  2 goblins (D:2)
  4 hobgoblins
  10 jackals
  3 quokkas
  4 ball pythons
  3 bats
  5 frilled lizards
  5 kobolds
  6 rats
  A spectral orc (D:5)
104 creatures vanquished.

Notes
Turn   | Place    | Note
-------+----------+-------------------------------------------
     0 | D:1      | PoweredByGinger the Minotaur Gladiator began the quest for
                  | the Orb.
     0 | D:1      | Reached XP level 1. HP: 18/18 MP: 0/0
   154 | D:1      | Reached skill level 4 in Axes
   432 | D:1      | Found a faded altar of an unknown god.
   575 | D:2      | Reached XP level 2. HP: 25/25 MP: 1/1
   698 | D:2      | Reached skill level 5 in Axes
   705 | D:2      | Reached XP level 3. HP: 30/30 MP: 2/2
  1232 | D:2      | Found a white marble altar of Elyvilon.
  1382 | D:3      | Identified the +1 dagger of the Bashing Gods {vamp, +Blink
                  | Str+3}
  1431 | D:3      | Noticed a black bear
  1437 | D:3      | Killed a black bear
  1438 | D:3      | Reached skill level 7 in Axes
  1438 | D:3      | Reached XP level 4. HP: 25/37 MP: 3/3
  1438 | D:3      | Reached XP level 5. HP: 28/42 MP: 4/4
  1520 | D:3      | Found a shimmering blue altar of Sif Muna.
  2066 | D:4      | Reached skill level 8 in Axes
  2201 | D:4      | Reached XP level 6. HP: 50/50 MP: 5/5
  2358 | D:4      | Found a glowing golden altar of the Shining One.
  2370 | D:4      | Found a staircase to the Ecumenical Temple.
  2657 | D:4      | Found Corok's Armour Shoppe.
  2755 | Temple   | Entered the Ecumenical Temple
  3080 | Temple   | Became a worshipper of Makhleb the Destroyer
  3099 | D:4      | Reached skill level 9 in Axes
  3196 | D:5      | Entered Level 5 of the Dungeon
  3287 | D:4      | Reached XP level 7. HP: 5/56 MP: 6/6
  3585 | D:5      | Reached skill level 10 in Axes
  3878 | D:5      | Identified the +3 leather armour of the Barnacle {rPois rN+
                  | Int-4 Dex+5}
  4065 | D:5      | Found a bloodstained altar of Trog.
  4065 | D:5      | Found a shadowy altar of Dithmenos.
  4083 | D:5      | Noticed Ijyb
  4091 | D:5      | Killed Ijyb
  4113 | D:5      | Reached skill level 5 in Fighting
  4195 | D:5      | Noticed Eustachio
  4387 | D:5      | Killed Eustachio
  4388 | D:5      | Reached XP level 8. HP: 47/70 MP: 7/7
  4630 | D:5      | Found a basalt altar of Yredelemnul.
  4791 | D:5      | Reached * piety under Makhleb
  4866 | D:6      | Slain by a wight

Illustrated notes

Levels and vault maps discovered:
D:1:      amcnicky_arrival_double_pillar, layout_rooms,
          shapermc_ecumenical_altar_mp_highgroup
D:2:      minmay_alternating_diamond, layout_loops_ring, basic_altar,
          minmay_liquid_box
D:3:      layout_loops_ring, mainiacjoe_overflow_surrounded_room,
          serial_bayou_lake_a
D:4:      layout_loops_ring, tso_oasis_becter, minmay_temple_entry_mini_moons,
          serial_shops, shop
D:5:      layout_rooms, yredelemnul_forgotten_temple_becter,
          gammafunk_temple_overflow_wave, uniq_eustachio, uniq_ijyb
D:6:      lemuel_castle_with_subvaults [lemuel_castle_interior_carwin_2],
          layout_cave_pods, mainiacjoe_overflow_six_doors_small,
          gup_sewer_entry_glass, ebering_ghost_inner_flame, uniq_menkaure,
          uniq_duvessa
Temple:   nicolae_temple_superstar

Skill      XL: |  1  2  3  4  5  6  7  8 |
---------------+-------------------------+-----
Axes           | 4 5 7 8 9 10 | 10.8
Fighting       | 5 6 |  6.7
Throwing       | |  2.0
Dodging        | |  3.2

Action                     |  1- 3 |  4- 6 |  7- 9 || total
---------------------------+-------+-------+-------++-------
  Melee: War axe           |    72 |    88 |    68 ||   228
         Headbutt          |     7 |    17 |    14 ||    38
         Punch             |     1 |     1 |     1 ||     3
    Use: Potion            |       |     2 |     2 ||     4
   Stab: Sleeping          |       |     1 |       ||     1
 Armour: Leather armour    |    12 |    13 |    19 ||    44
  Dodge: Dodged            |    58 |    60 |    60 ||   178
